[Event "GER-ch Youth U16 2019"]
[Site "Willingen"]
[Date "2019.06.13"]
[Round "7.6"]
[White "Fromm, Marius"]
[Black "Kopylov, Daniel"]
[Result "1-0"]
[ECO "A09"]
[WhiteElo "2038"]
[BlackElo "2263"]
[Annotator "NA"]
[PlyCount "94"]
[EventDate "2019.06.07"]
[EventType "swiss"]
[EventRounds "9"]
[EventCountry "GER"]
[SourceTitle "playchess.com"]
[Source "ChessBase"]
[SourceQuality "1"]
[TimeControl "40/5400+30:1800+30"]

1. Nf3 d5 2. c4 d4 3. g3 Nc6 4. Bg2 e5 5. d3 Nf6 6. O-O a5 7. Na3 Be7 8. Bg5 O-O 9. Nc2 Nd7 10. Bxe7 Qxe7 11. e3 Qd6 12. exd4 exd4 13. Re1 Nc5 14. Ng5 Bf5 15. Ne4 Bxe4 16. Bxe4 Nxe4 17. Rxe4 f5 18. Re1 f4 19. Qh5 Rad8 20. Re4 g6 21. Qe2 f3 22. Qf1 Rde8 23. Rae1 Re5 24. Qh3 Rff5 25. b3 Kg7 26. Qg4 h5 27. Qh4 Nb4 28. Nxd4 Qxd4 29. Rxe5 Qxh4 30. gxh4 Rf7 31. Re7 Nxd3 32. Rxf7+ Kxf7 33. Re3 Nb4 34. Rxf3+ Ke7 35. a4 Nc2 36. Kf1 b6 37. Rg3 Kf6 38. Rd3 Ke6 39. Rd2 Na1 40. Rd3 Nc2 41. Ke2 Nb4 42. Rg3 Kf5 43. Ke3 c5 44. Rg5+ Kf6 45. Ke4 Nc2 46. Kd5 Nd4 47. Rg3 Nf5 {[%emt 0:01:12] normal} 1-0

[Event "GER-ch Youth U16 2019"]
[Site "Willingen"]
[Date "2019.06.13"]
[Round "7.7"]
[White "Yi, Danny"]
[Black "Richter, Nils"]
[Result "0-1"]
[ECO "B23"]
[WhiteElo "2205"]
[BlackElo "2115"]
[Annotator "NA"]
[PlyCount "50"]
[EventDate "2019.06.07"]
[EventType "swiss"]
[EventRounds "9"]
[EventCountry "GER"]
[SourceTitle "playchess.com"]
[Source "ChessBase"]
[SourceQuality "1"]
[TimeControl "40/5400+30:1800+30"]

1. e4 c5 2. Ne2 Nc6 3. Nbc3 e6 4. g3 d5 5. Bg2 d4 6. Nb1 g6 7. O-O Bg7 8. d3 Nge7 9. c4 dxc3 10. bxc3 b6 11. Qc2 Nb4 12. cxb4 Bxa1 13. Nbc3 cxb4 14. Qa4+ Bd7 15. Qxb4 Nc6 16. Qb3 Rc8 17. Nb5 O-O 18. Ba3 Bg7 19. Bxf8 Qxf8 20. Rd1 a6 21. Nbc3 b5 22. a3 Qc5 23. Na2 Bf8 24. a4 Na5 25. Qb2 Qc2 {[%emt 0:02:07] normal} 0-1

[Event "GER-ch Youth U16 2019"]
[Site "Willingen"]
[Date "2019.06.13"]
[Round "7.8"]
[White "Boder, Jan"]
[Black "Koelle, Tobias"]
[Result "1/2-1/2"]
[ECO "A34"]
[WhiteElo "2123"]
[BlackElo "2215"]
[Annotator "NA"]
[PlyCount "41"]
[EventDate "2019.06.07"]
[EventType "swiss"]
[EventRounds "9"]
[EventCountry "GER"]
[SourceTitle "playchess.com"]
[Source "ChessBase"]
[SourceQuality "1"]
[TimeControl "40/5400+30:1800+30"]

1. c4 c5 2. g3 Nf6 3. Bg2 d5 4. cxd5 Nxd5 5. Nc3 Nc7 6. Nf3 Nc6 7. d3 e5 8. O-O Be7 9. Be3 O-O 10. Rc1 Be6 11. Na4 b6 12. b4 Nxb4 13. Nxe5 Bd5 14. a3 Bxg2 15. Kxg2 Qd5+ 16. Kg1 Nba6 17. Nf3 Qh5 18. Nc3 Nd5 19. Nxd5 Qxd5 20. Qa4 Nc7 21. d4 {[%emt 0:00:16] normal} 1/2-1/2

[Event "GER-ch Youth U16 2019"]
[Site "Willingen"]
[Date "2019.06.13"]
[Round "7.9"]
[White "Gutkin, Ilya"]
[Black "Huber, Benedikt"]
[Result "0-1"]
[ECO "A09"]
[WhiteElo "2041"]
[BlackElo "2051"]
[Annotator "NA"]
[PlyCount "82"]
[EventDate "2019.06.07"]
[EventType "swiss"]
[EventRounds "9"]
[EventCountry "GER"]
[SourceTitle "playchess.com"]
[Source "ChessBase"]
[SourceQuality "1"]
[TimeControl "40/5400+30:1800+30"]

1. Nf3 d5 2. c4 d4 3. d3 Nc6 4. g3 e5 5. Bg2 Bb4+ 6. Bd2 a5 7. O-O Nf6 8. Na3 O-O 9. Nc2 Be7 10. a3 Bf5 11. b4 Nd7 12. Nfe1 Qb8 13. e3 Bf6 14. exd4 exd4 15. Bf4 g5 16. Bd2 Re8 17. f4 g4 18. Be4 Bxe4 19. dxe4 d3 20. Qxg4+ Kf8 21. e5 dxc2 22. exf6 Nxf6 23. Qh4 Qd8 24. Bc3 Nd4 25. Kh1 axb4 26. Bxb4+ Kg8 27. Bc3 Rxa3 28. Bxd4 Qxd4 29. Nxc2 Qe4+ 30. Kg1 Rxa1 31. Nxa1 Qd4+ 32. Kg2 Re2+ 33. Kh3 Qd7+ 34. f5 Qd2 35. Rh1 Ne4 36. Qh5 Ng5+ 37. Kh4 Re4+ 38. g4 f6 39. Qh6 Rxg4+ 40. Kxg4 Qg2+ 41. Kf4 Qf3# {normal} 0-1

[Event "GER-ch Youth U16 2019"]
[Site "Willingen"]
[Date "2019.06.13"]
[Round "7.10"]
[White "Hommel, Niclas"]
[Black "Liebold, Aaron"]
[Result "1-0"]
[ECO "B90"]
[WhiteElo "1953"]
[BlackElo "1870"]
[Annotator "NA"]
[PlyCount "71"]
[EventDate "2019.06.07"]
[EventType "swiss"]
[EventRounds "9"]
[EventCountry "GER"]
[SourceTitle "playchess.com"]
[Source "ChessBase"]
[SourceQuality "1"]
[TimeControl "40/5400+30:1800+30"]

1. e4 c5 2. Nf3 d6 3. d4 cxd4 4. Nxd4 Nf6 5. Nc3 a6 6. f3 e5 7. Nb3 Be6 8. Be3 Be7 9. Qd2 O-O 10. O-O-O Nbd7 11. g4 b5 12. h4 b4 13. Nd5 Bxd5 14. exd5 a5 15. Kb1 a4 16. Nc1 Nb6 17. Bxb6 Qxb6 18. Bd3 Nd7 19. Bf5 Nc5 20. g5 Rfb8 21. h5 Qb5 22. g6 h6 23. gxf7+ Kf8 24. Rdg1 Bf6 25. Rg6 b3 26. cxb3 Nxb3 27. Nxb3 axb3 28. a3 Ke7 29. Rhg1 Rf8 30. Qc3 Ra7 31. Be6 Qb6 32. Rc1 Bg5 33. Rxg5 hxg5 34. Qd2 Kd8 35. Qxg5+ Re7 36. Rc8# {normal} 1-0

[Event "GER-ch Youth U16 2019"]
[Site "Willingen"]
[Date "2019.06.13"]
[Round "7.11"]
[White "Rietschel, Tilo"]
[Black "Koehler, Lukas"]
[Result "0-1"]
[ECO "C60"]
[WhiteElo "2005"]
[BlackElo "2068"]
[Annotator "NA"]
[PlyCount "80"]
[EventDate "2019.06.07"]
[EventType "swiss"]
[EventRounds "9"]
[EventCountry "GER"]
[SourceTitle "playchess.com"]
[Source "ChessBase"]
[SourceQuality "1"]
[TimeControl "40/5400+30:1800+30"]

1. e4 e5 2. Nf3 Nc6 3. Bb5 g6 4. O-O Bg7 5. Re1 a6 6. Ba4 d6 7. c3 Bd7 8. d4 b5 9. Bb3 Nf6 10. Nbd2 O-O 11. Nf1 Nh5 12. Ne3 h6 13. a4 Rb8 14. axb5 axb5 15. Nd5 Bg4 16. Ra6 Bd7 17. dxe5 dxe5 18. Be3 Kh7 19. Qd2 Qc8 20. Rea1 Rd8 21. Nh4 Qb7 22. f3 Be6 23. Qf2 Ra8 24. Rxa8 Rxa8 25. Rxa8 Qxa8 26. g4 Qa1+ 27. Kg2 Nf4+ 28. Bxf4 exf4 29. Qc2 Na5 30. e5 Nxb3 31. Nxg6 Qc1 32. Nf8+ Kg8 33. Qh7+ Kxf8 34. Nf6 Qd2+ 35. Kg1 Qe1+ 36. Kg2 Qe2+ 37. Kg1 Bxf6 38. exf6 Qe1+ 39. Kg2 Qe2+ 40. Kg1 Ke8 {[%emt 0:00:37] normal} 0-1

[Event "GER-ch Youth U16 2019"]
[Site "Willingen"]
[Date "2019.06.13"]
[Round "7.12"]
[White "Roehr, Tobias"]
[Black "Buller, Ian Joshua"]
[Result "0-1"]
[ECO "D37"]
[WhiteElo "2208"]
[BlackElo "1904"]
[Annotator "NA"]
[PlyCount "100"]
[EventDate "2019.06.07"]
[EventType "swiss"]
[EventRounds "9"]
[EventCountry "GER"]
[SourceTitle "playchess.com"]
[Source "ChessBase"]
[SourceQuality "1"]
[TimeControl "40/5400+30:1800+30"]

1. d4 Nf6 2. c4 e6 3. Nf3 d5 4. Nc3 dxc4 5. e3 a6 6. a4 c5 7. Bxc4 Nc6 8. O-O cxd4 9. exd4 Be7 10. Qd3 O-O 11. Bf4 Nb4 12. Qe2 Nbd5 13. Bg3 b6 14. Rac1 Bb7 15. Ne5 Bd6 16. Rfd1 Qe7 17. Bd3 Rfc8 18. Bb1 Nxc3 19. bxc3 Ba3 20. Rc2 Be4 21. Bh4 Qb7 22. Bxf6 gxf6 23. Qg4+ Kf8 24. Nd7+ Ke7 25. Nxf6 Kxf6 26. f3 Bf5 27. Qh4+ Kg7 28. Qg5+ Bg6 29. Re2 Qe7 30. Qg3 Bd6 31. f4 Kh8 32. d5 Bxb1 33. Rxb1 Rg8 34. Qf3 Qf6 35. dxe6 fxe6 36. g3 Rac8 37. Rd1 Bc5+ 38. Kg2 Rcd8 39. Rde1 Rd6 40. Re5 Rgd8 41. a5 Qg6 42. Rg5 Qc2+ 43. Kh3 Qd3 44. Qb7 Qxc3 45. Ree5 R6d7 46. Qc6 Bd4 47. Rxe6 Qxc6 48. Rxc6 Rd6 49. Rc7 bxa5 50. Rxa5 Bb6 {[%emt 0:00:19] normal} 0-1

[Event "GER-ch Youth U16 2019"]
[Site "Willingen"]
[Date "2019.06.13"]
[Round "7.13"]
[White "Pahl, Erik"]
[Black "Biermann, Florian"]
[Result "0-1"]
[ECO "B96"]
[WhiteElo "2113"]
[BlackElo "2018"]
[Annotator "NA"]
[PlyCount "91"]
[EventDate "2019.06.07"]
[EventType "swiss"]
[EventRounds "9"]
[EventCountry "GER"]
[SourceTitle "playchess.com"]
[Source "ChessBase"]
[SourceQuality "1"]
[TimeControl "40/5400+30:1800+30"]

1. e4 c5 2. Nf3 d6 3. d4 cxd4 4. Nxd4 Nf6 5. Nc3 a6 6. Bg5 e6 7. f4 h6 8. Bh4 Be7 9. Qf3 Nbd7 10. O-O-O Qc7 11. f5 e5 12. Nde2 b5 13. Bxf6 Nxf6 14. Nd5 Nxd5 15. exd5 Bb7 16. Ng3 Rc8 17. Bd3 Qc5 18. Be4 Bg5+ 19. Kb1 Qe3 20. Qh5 Bf6 21. Rhe1 Qc5 22. Qf3 a5 23. Nh5 a4 24. h4 b4 25. g4 Bxh4 26. Nxg7+ Kd8 27. Rh1 Bf6 28. Nh5 Bg5 29. Rh3 Ra8 30. a3 bxa3 31. Qxa3 Qxa3 32. Rxa3 Kd7 33. Ng3 Rhc8 34. Ne2 Rc4 35. Nc3 Be3 36. Bd3 Rxg4 37. Bb5+ Ke7 38. Rxa4 Raxa4 39. Bxa4 h5 40. Bb5 h4 41. Rh1 Rg1+ 42. Rxg1 Bxg1 43. Bf1 Bd4 44. Bg2 Bxc3 45. bxc3 Kf6 46. c4 {[%emt 0:01:09] normal} 0-1

[Event "GER-ch Youth U16 2019"]
[Site "Willingen"]
[Date "2019.06.13"]
[Round "7.14"]
[White "Jeschke, Jan"]
[Black "Burian, Simon"]
[Result "1/2-1/2"]
[ECO "B21"]
[WhiteElo "1915"]
[BlackElo "2001"]
[Annotator "NA"]
[PlyCount "44"]
[EventDate "2019.06.07"]
[EventType "swiss"]
[EventRounds "9"]
[EventCountry "GER"]
[SourceTitle "playchess.com"]
[Source "ChessBase"]
[SourceQuality "1"]
[TimeControl "40/5400+30:1800+30"]

1. e4 c5 2. d4 cxd4 3. c3 g6 4. cxd4 d5 5. exd5 Nf6 6. Bb5+ Nbd7 7. Nc3 Bg7 8. Nf3 O-O 9. O-O Nb6 10. Re1 a6 11. Bd3 Nbxd5 12. Bg5 Re8 13. Ne5 Nxc3 14. bxc3 Nd5 15. Qf3 f6 16. Bc4 e6 17. Bh4 Nb6 18. Bb3 g5 19. Bxg5 fxg5 20. Qf7+ Kh8 21. Re3 g4 22. Qh5 Kg8 {[%emt 0:05:42] normal} 1/2-1/2

[Event "GER-ch Youth U16 2019"]
[Site "Willingen"]
[Date "2019.06.14"]
[Round "8.1"]
[White "Wachinger, Nikolas"]
[Black "Suvorov, Alexander"]
[Result "1/2-1/2"]
[ECO "B41"]
[WhiteElo "2311"]
[BlackElo "2325"]
[Annotator "NA"]
[PlyCount "99"]
[EventDate "2019.06.07"]
[EventType "swiss"]
[EventRounds "9"]
[EventCountry "GER"]
[SourceTitle "playchess.com"]
[Source "ChessBase"]
[SourceQuality "1"]
[TimeControl "40/5400+30:1800+30"]

1. e4 c5 2. Nf3 e6 3. d4 cxd4 4. Nxd4 a6 5. c4 Nf6 6. Nc3 Bb4 7. Qd3 d6 8. Nc2 Bc5 9. Be3 Nbd7 10. Rd1 Qb6 11. b3 Bxe3 12. Nxe3 Qa5 13. Qd2 O-O 14. Be2 Ne8 15. O-O b6 16. f4 Bb7 17. e5 Rd8 18. exd6 Bc6 19. Nc2 Qc5+ 20. Qd4 Nb8 21. Qxc5 bxc5 22. Bf3 Nxd6 23. Rf2 Nb7 24. Bxc6 Rxd1+ 25. Nxd1 Nxc6 26. Rd2 Rd8 27. Rxd8+ Nbxd8 28. Kf2 Kf8 29. Nc3 Nb7 30. Ne4 Ke7 31. Ne1 f5 32. Ng5 h6 33. Ngf3 Nd6 34. Nd2 Nb7 35. Nd3 Kd6 36. Nf3 Nbd8 37. h3 Nf7 38. g4 g5 39. Ke3 a5 40. a3 fxg4 41. hxg4 gxf4+ 42. Kxf4 Nb8 43. Nde5 Nxe5 44. Nxe5 Ke7 45. Ke4 Kf6 46. Kf4 Ke7 47. g5 hxg5+ 48. Kxg5 Kd6 49. Nf3 Nd7 50. Kf4 {[%emt 0:00:00] normal Ke5+ Ke4+} 1/2-1/2

[Event "GER-ch Youth U16 2019"]
[Site "Willingen"]
[Date "2019.06.14"]
[Round "8.2"]
[White "Dobrikov, Marco"]
[Black "Knuedel, Torben"]
[Result "1/2-1/2"]
[ECO "C54"]
[WhiteElo "2281"]
[BlackElo "2044"]
[Annotator "NA"]
[PlyCount "56"]
[EventDate "2019.06.07"]
[EventType "swiss"]
[EventRounds "9"]
[EventCountry "GER"]
[SourceTitle "playchess.com"]
[Source "ChessBase"]
[SourceQuality "1"]
[TimeControl "40/5400+30:1800+30"]

1. e4 e5 2. Nf3 Nc6 3. Bc4 Bc5 4. c3 Nf6 5. d3 a6 6. a4 Ba7 7. O-O d6 8. Re1 h6 9. h3 O-O 10. Nbd2 Ne7 11. Nf1 Ng6 12. Ng3 c6 13. Bb3 Re8 14. d4 Be6 15. Bc2 Qc7 16. Be3 Rad8 17. Qd2 d5 18. exd5 Nxd5 19. Bxh6 exd4 20. Bxg7 Qxg3 21. fxg3 dxc3+ 22. Qd4 Bxd4+ 23. Bxd4 cxb2 24. Rab1 Nb4 25. Rxb2 Nxc2 26. Rxc2 Bd5 27. Rxe8+ Rxe8 28. a5 Re7 {[%emt 0:06:08] normal} 1/2-1/2

[Event "GER-ch Youth U16 2019"]
[Site "Willingen"]
[Date "2019.06.14"]
[Round "8.4"]
[White "Koellner, Ruben Gideon"]
[Black "Fromm, Marius"]
[Result "1/2-1/2"]
[ECO "D04"]
[WhiteElo "2299"]
[BlackElo "2038"]
[Annotator "NA"]
[PlyCount "117"]
[EventDate "2019.06.07"]
[EventType "swiss"]
[EventRounds "9"]
[EventCountry "GER"]
[SourceTitle "playchess.com"]
[Source "ChessBase"]
[SourceQuality "1"]
[TimeControl "40/5400+30:1800+30"]

1. d4 d5 2. Nf3 Nf6 3. e3 c5 4. dxc5 e6 5. b4 a5 6. c3 axb4 7. cxb4 b6 8. Bb5+ Bd7 9. Bxd7+ Nbxd7 10. O-O bxc5 11. b5 Bd6 12. Bb2 O-O 13. a4 Qc7 14. Nbd2 c4 15. Qc2 Rfc8 16. Bc3 e5 17. h3 Nc5 18. Rfb1 Nd3 19. Ne1 e4 20. a5 Bh2+ 21. Kf1 Qd7 22. Nxd3 cxd3 23. Qb2 d4 24. exd4 Qf5 25. Re1 Bg3 26. Nb1 Nd5 27. Kg1 Nxc3 28. Nxc3 Rxc3 29. Qxc3 Bxf2+ 30. Kh1 Bxe1 31. Qxe1 Qxb5 32. Qxe4 Re8 33. Qf4 g5 34. Qf1 Qb2 35. Rd1 Qe2 36. Kg1 Qe3+ 37. Qf2 Qe2 38. Rd2 Qe1+ 39. Qxe1 Rxe1+ 40. Kf2 Ra1 41. Rxd3 Rxa5 42. g4 Kf8 43. Ke3 f5 44. gxf5 Rxf5 45. Ke4 Rf1 46. Ra3 Kf7 47. Ke5 h5 48. Rg3 Kg6 49. d5 Re1+ 50. Kd6 Kf5 51. Kc6 Rc1+ 52. Kd7 Rd1 53. d6 Kf4 54. Rc3 g4 55. hxg4 hxg4 56. Kc7 g3 57. Rxg3 Kxg3 58. d7 Rxd7+ 59. Kxd7 {[%emt 0:00:00] normal} 1/2-1/2

[Event "GER-ch Youth U16 2019"]
[Site "Willingen"]
[Date "2019.06.14"]
[Round "8.5"]
[White "Nguyen, Alex Dac-Vuong"]
[Black "Trifan, Andrei Ioan"]
[Result "1/2-1/2"]
[ECO "C50"]
[WhiteElo "2287"]
[BlackElo "2268"]
[Annotator "NA"]
[PlyCount "115"]
[EventDate "2019.06.07"]
[EventType "swiss"]
[EventRounds "9"]
[EventCountry "GER"]
[SourceTitle "playchess.com"]
[Source "ChessBase"]
[SourceQuality "1"]
[TimeControl "40/5400+30:1800+30"]

1. e4 e5 2. Nf3 Nc6 3. Bc4 Bc5 4. O-O Nf6 5. d3 O-O 6. Nbd2 d6 7. c3 a6 8. a4 Ba7 9. Bb3 Ne7 10. Nc4 Ng6 11. Be3 Bxe3 12. Nxe3 c6 13. a5 d5 14. exd5 cxd5 15. d4 e4 16. Ne5 Re8 17. Nxg6 hxg6 18. c4 dxc4 19. Bxc4 b5 20. axb6 Qxb6 21. Qd2 Bb7 22. Ra5 Red8 23. d5 Nd7 24. Rfa1 Ne5 25. Be2 f5 26. Nc4 Nxc4 27. Bxc4 Rd6 28. b3 Rc8 29. g3 Rc5 30. Rxc5 Qxc5 31. Ra5 Qc7 32. h4 Kh7 33. Ra4 Qd8 34. Ra5 f4 35. Qxf4 Rf6 36. Qd2 Rf3 37. Ra2 e3 38. Qd4 exf2+ 39. Rxf2 Rxg3+ 40. Kh2 Qd6 41. Qf4 Qxf4 42. Rxf4 Re3 43. d6 Re8 44. Rf7 Bc6 45. d7 Rd8 46. Be6 a5 47. Kg3 Kh6 48. Kf4 a4 49. bxa4 Bxa4 50. Ke5 Kh5 51. Rxg7 Kxh4 52. Kf6 g5 53. Ke7 Bxd7 54. Rh7+ Kg3 55. Bxd7 Ra8 56. Kf6 Ra5 57. Rh3+ Kf4 58. Rc3 {[%emt 0:00:00] normal} 1/2-1/2

[Event "GER-ch Youth U16 2019"]
[Site "Willingen"]
[Date "2019.06.14"]
[Round "8.6"]
[White "Post, Hugo"]
[Black "Woelk, Tom-Frederic"]
[Result "1-0"]
[ECO "C80"]
[WhiteElo "2113"]
[BlackElo "2239"]
[Annotator "NA"]
[PlyCount "47"]
[EventDate "2019.06.07"]
[EventType "swiss"]
[EventRounds "9"]
[EventCountry "GER"]
[SourceTitle "playchess.com"]
[Source "ChessBase"]
[SourceQuality "1"]
[TimeControl "40/5400+30:1800+30"]

1. e4 e5 2. Nf3 Nc6 3. Bb5 a6 4. Ba4 Nf6 5. O-O Nxe4 6. d4 Be7 7. Qe2 b5 8. Bb3 d5 9. dxe5 Na5 10. Rd1 Bb7 11. Nd4 Qd7 12. c4 Nxc4 13. Bc2 c5 14. Bxe4 dxe4 15. e6 Qxd4 16. Rxd4 cxd4 17. b3 d3 18. Qg4 Bf6 19. bxc4 Bxa1 20. exf7+ Kd8 21. Ba3 bxc4 22. Qe6 Bf6 23. Bc5 Kc7 24. Bb6+ {[%emt 0:00:10] normal} 1-0

[Event "GER-ch Youth U16 2019"]
[Site "Willingen"]
[Date "2019.06.14"]
[Round "8.7"]
[White "Kopylov, Daniel"]
[Black "Boder, Jan"]
[Result "1/2-1/2"]
[ECO "B34"]
[WhiteElo "2263"]
[BlackElo "2123"]
[Annotator "NA"]
[PlyCount "80"]
[EventDate "2019.06.07"]
[EventType "swiss"]
[EventRounds "9"]
[EventCountry "GER"]
[SourceTitle "playchess.com"]
[Source "ChessBase"]
[SourceQuality "1"]
[TimeControl "40/5400+30:1800+30"]

1. e4 c5 2. Nf3 Nc6 3. d4 cxd4 4. Nxd4 g6 5. Nc3 Bg7 6. Be3 Nf6 7. Nxc6 bxc6 8. e5 Ng8 9. Bd4 Qc7 10. e6 Nf6 11. exd7+ Bxd7 12. Bc4 Rb8 13. Qe2 Nh5 14. Bxg7 Nxg7 15. O-O Be6 16. b3 O-O 17. Rad1 Rfd8 18. Ne4 Bxc4 19. Qxc4 Ne6 20. h3 c5 21. c3 Rxd1 22. Rxd1 Rd8 23. Rxd8+ Qxd8 24. g3 Qc7 25. Qd5 Kg7 26. h4 h5 27. a3 a5 28. Nd2 Qd8 29. Qxd8 Nxd8 30. Kf1 Kf8 31. Nc4 Nb7 32. Ke2 Ke8 33. Ne5 f6 34. Nd3 e5 35. Ke3 Kd7 36. Nb2 g5 37. hxg5 fxg5 38. Nd3 Ke6 39. f3 Kd5 40. Nf2 Nd6 {[%emt 0:04:47] normal Ke4+} 1/2-1/2

[Event "GER-ch Youth U16 2019"]
[Site "Willingen"]
[Date "2019.06.14"]
[Round "8.8"]
[White "Koelle, Tobias"]
[Black "Hommel, Niclas"]
[Result "1/2-1/2"]
[ECO "D92"]
[WhiteElo "2215"]
[BlackElo "1953"]
[Annotator "NA"]
[PlyCount "78"]
[EventDate "2019.06.07"]
[EventType "swiss"]
[EventRounds "9"]
[EventCountry "GER"]
[SourceTitle "playchess.com"]
[Source "ChessBase"]
[SourceQuality "1"]
[TimeControl "40/5400+30:1800+30"]

1. d4 Nf6 2. c4 g6 3. Nc3 d5 4. Nf3 Bg7 5. Bf4 dxc4 6. e3 O-O 7. Bxc4 c5 8. d5 Nbd7 9. e4 Nb6 10. Be2 e6 11. dxe6 Qxd1+ 12. Rxd1 Bxe6 13. Bd6 Rfc8 14. O-O Ne8 15. Be5 Rd8 16. Bxg7 Nxg7 17. Ne5 f6 18. Nd3 Rac8 19. Nf4 Kf7 20. Nb5 Ke7 21. Nxe6 Nxe6 22. Bg4 a6 23. Nc3 Rxd1 24. Rxd1 Rd8 25. Rxd8 Nxd8 26. h4 Kd6 27. f4 Ne6 28. g3 Nd4 29. h5 Nb5 30. e5+ fxe5 31. Ne4+ Ke7 32. h6 exf4 33. gxf4 Nd5 34. f5 gxf5 35. Bxf5 Nf6 36. Nxc5 Nd6 37. Bd3 Ng4 38. Bxh7 Nxh6 39. Bd3 Ng4 {[%emt 0:00:24] normal} 1/2-1/2

[Event "GER-ch Youth U16 2019"]
[Site "Willingen"]
[Date "2019.06.14"]
[Round "8.9"]
[White "Huber, Benedikt"]
[Black "Yi, Danny"]
[Result "1/2-1/2"]
[ECO "D76"]
[WhiteElo "2051"]
[BlackElo "2205"]
[Annotator "NA"]
[PlyCount "47"]
[EventDate "2019.06.07"]
[EventType "swiss"]
[EventRounds "9"]
[EventCountry "GER"]
[SourceTitle "playchess.com"]
[Source "ChessBase"]
[SourceQuality "1"]
[TimeControl "40/5400+30:1800+30"]

1. d4 Nf6 2. c4 g6 3. Nf3 Bg7 4. g3 O-O 5. Bg2 d5 6. cxd5 Nxd5 7. O-O Nb6 8. Nc3 Nc6 9. d5 Na5 10. e4 c6 11. Bf4 cxd5 12. Nxd5 Nxd5 13. exd5 Nc4 14. Qb3 Nd6 15. Rfe1 Bf6 16. Nd2 Bf5 17. Be4 Nxe4 18. Nxe4 Bxe4 19. Rxe4 Qd7 20. Be5 Bxe5 21. Rxe5 Rac8 22. Qa3 Rfe8 23. Qxa7 f6 24. Re6 {normal} 1/2-1/2

[Event "GER-ch Youth U16 2019"]
[Site "Willingen"]
[Date "2019.06.14"]
[Round "8.10"]
[White "Biermann, Florian"]
[Black "Gutkin, Ilya"]
[Result "0-1"]
[ECO "A04"]
[WhiteElo "2018"]
[BlackElo "2041"]
[Annotator "NA"]
[PlyCount "74"]
[EventDate "2019.06.07"]
[EventType "swiss"]
[EventRounds "9"]
[EventCountry "GER"]
[SourceTitle "playchess.com"]
[Source "ChessBase"]
[SourceQuality "1"]
[TimeControl "40/5400+30:1800+30"]

1. Nf3 b6 2. g3 Bb7 3. Bg2 g6 4. c4 c5 5. Nc3 Bg7 6. O-O Nf6 7. d4 cxd4 8. Qxd4 O-O 9. Qd3 d6 10. Bg5 Nbd7 11. Rac1 Rc8 12. Rfd1 Bxf3 13. exf3 Ne5 14. Qe2 Nxc4 15. Bxf6 Bxf6 16. Nd5 Ne5 17. Rxc8 Qxc8 18. f4 Qc4 19. Qxc4 Nxc4 20. Nxf6+ exf6 21. b3 Na3 22. Rxd6 Rc8 23. Bd5 Rc7 24. Rxf6 Rd7 25. Be4 Rd4 26. Bf3 Rd2 27. Kg2 Nb5 28. g4 Nd6 29. h4 Kf8 30. h5 Ke7 31. g5 Rxa2 32. h6 Rc2 33. Bd5 a5 34. Bc4 Rxc4 35. bxc4 a4 36. f5 gxf5 37. g6 fxg6 {[%emt 0:00:12] normal} 0-1

[Event "GER-ch Youth U16 2019"]
[Site "Willingen"]
[Date "2019.06.14"]
[Round "8.12"]
[White "Buller, Ian Joshua"]
[Black "Rietschel, Tilo"]
[Result "1-0"]
[ECO "B27"]
[WhiteElo "1904"]
[BlackElo "2005"]
[Annotator "NA"]
[PlyCount "77"]
[EventDate "2019.06.07"]
[EventType "swiss"]
[EventRounds "9"]
[EventCountry "GER"]
[SourceTitle "playchess.com"]
[Source "ChessBase"]
[SourceQuality "1"]
[TimeControl "40/5400+30:1800+30"]

1. e4 c5 2. Nf3 g6 3. d4 cxd4 4. Qxd4 Nf6 5. Nc3 Nc6 6. Qa4 d6 7. e5 dxe5 8. Nxe5 Bd7 9. Nxd7 Nxd7 10. Be3 Bg7 11. Be2 O-O 12. O-O Qa5 13. Qh4 Qb4 14. Qxb4 Nxb4 15. Rad1 Ne5 16. Rd2 Rfc8 17. a3 Na6 18. Bxa6 bxa6 19. Nd5 Kf8 20. b3 e6 21. Nf4 Ng4 22. h3 Nxe3 23. fxe3 Ke8 24. Rfd1 Rc7 25. Kf2 Rac8 26. c4 a5 27. a4 Rb8 28. Rd3 Rcb7 29. Rb1 Rb4 30. c5 Rxa4 31. Rc1 Rab4 32. c6 Rc8 33. Rd7 Rxc6 34. Rcd1 Rxb3 35. Rxa7 Be5 36. Rdd7 Rb2+ 37. Kf3 f5 38. Rxh7 Bxf4 39. Rh8# {normal} 1-0

[Event "GER-ch Youth U16 2019"]
[Site "Willingen"]
[Date "2019.06.14"]
[Round "8.13"]
[White "Burian, Simon"]
[Black "Pahl, Erik"]
[Result "1/2-1/2"]
[ECO "B96"]
[WhiteElo "2001"]
[BlackElo "2113"]
[Annotator "NA"]
[PlyCount "103"]
[EventDate "2019.06.07"]
[EventType "swiss"]
[EventRounds "9"]
[EventCountry "GER"]
[SourceTitle "playchess.com"]
[Source "ChessBase"]
[SourceQuality "1"]
[TimeControl "40/5400+30:1800+30"]

1. e4 c5 2. Nf3 d6 3. d4 cxd4 4. Nxd4 Nf6 5. Nc3 a6 6. Bg5 e6 7. f4 h6 8. Bh4 Qb6 9. a3 Be7 10. Bf2 Qc7 11. g4 Nc6 12. h3 Bd7 13. Bg2 Nxd4 14. Qxd4 e5 15. Qd2 exf4 16. Qxf4 Be6 17. O-O O-O 18. Bd4 Nd7 19. Rad1 Ne5 20. Qf2 Rac8 21. Kh1 b5 22. Qg3 Bc4 23. Rf5 Be6 24. Rf2 Ng6 25. Rf5 Bh4 26. Qf3 Bxf5 27. gxf5 Ne5 28. Qh5 Qe7 29. Nd5 Qg5 30. Qe2 Qd8 31. Bb6 Qd7 32. Qh5 Bg5 33. h4 g6 34. Qe2 Bxh4 35. Bd4 Qd8 36. f6 Kh7 37. Bh3 Nd7 38. Qg4 Nxf6 39. Bxf6 Bxf6 40. Qxc8 Qxc8 41. Nxf6+ Kg7 42. Bxc8 Rxc8 43. Rxd6 Rxc2 44. Rxa6 Rxb2 45. Ne8+ Kf8 46. Nd6 Ke7 47. e5 Rb3 48. Ra7+ Ke6 49. Nxf7 Rf3 50. Nd6 Rb3 51. Ra5 Kxe5 52. Rxb5+ {normal} 1/2-1/2

[Event "GER-ch Youth U16 2019"]
[Site "Willingen"]
[Date "2019.06.14"]
[Round "8.14"]
[White "Liebold, Aaron"]
[Black "Jeschke, Jan"]
[Result "1-0"]
[ECO "C00"]
[WhiteElo "1870"]
[BlackElo "1915"]
[Annotator "NA"]
[PlyCount "83"]
[EventDate "2019.06.07"]
[EventType "swiss"]
[EventRounds "9"]
[EventCountry "GER"]
[SourceTitle "playchess.com"]
[Source "ChessBase"]
[SourceQuality "1"]
[TimeControl "40/5400+30:1800+30"]

1. e4 e6 2. c4 d5 3. exd5 exd5 4. cxd5 Nf6 5. Nc3 Nxd5 6. d4 Bb4 7. Bd2 O-O 8. Bd3 Re8+ 9. Nge2 Bg4 10. O-O c6 11. Re1 Nxc3 12. bxc3 Bd6 13. Qc2 h6 14. f3 Be6 15. Nf4 Qc7 16. g3 Nd7 17. c4 Rad8 18. Nxe6 Rxe6 19. Rxe6 fxe6 20. f4 c5 21. Re1 cxd4 22. Rxe6 Nc5 23. Rg6 Nxd3 24. Qxd3 Rc8 25. f5 Bf8 26. Bxh6 Qxc4 27. Qxc4+ Rxc4 28. Bxg7 Bxg7 29. f6 d3 30. Kf2 Rc2+ 31. Ke3 Rxa2 32. h4 Re2+ 33. Kxd3 Re6 34. Rxg7+ Kf8 35. Rxb7 Rxf6 36. Ke4 Ra6 37. g4 Ra4+ 38. Kf5 Ra5+ 39. Kg6 Ra4 40. Kh5 Kg8 41. g5 Kh8 42. g6 {[%emt 0:00:00] normal} 1-0